Mimi, neutral female human Valkyrie ---------- -------- #-........| ------ |......| #|........| |....| #.......| #|........-# #|....| #|....>.| #|........|# ------ #|..@.-# #|......-# #----------### |.....# #------# #-----.--# # # |....|# ## # ### # # # ##-....|# # # # #### # |>...|### # # # # ## # ############.....| # ----------.- # ## # ##### # # ------ ##%|..........| # #---------# #---.--#### #...........| ------# #|.......|# #|....|## |..........| |.....# ##.....<...# #|.....## |..........| |....| # |.......| #.....| |..........| |.....##### --------- ------ |..........| ------ ------------ Mimi the Skirmisher Experience level: 5 Strength: 18/04 Dexterity: 10 Constitution: 18 Intelligence: 10 Wisdom: 9 Charisma: 9 Health: 53(53) Energy: 11(11) AC: -1 Gold: 436 Moves: 1861 Your Inventory: Coins $ - 436 gold pieces Weapons a - a cursed very rusty +0 long sword (weapon in hand) b - an uncursed +0 dagger o - a [blessed +0] scimitar x - an [uncursed +0] elven dagger Armor c - an uncursed +3 small shield (being worn) q - an [uncursed +0] piece of cloth [cloak of protection] y - a [blessed] +1 bronze plate mail (being worn) Comestibles d - an uncursed food ration f - 2 [uncursed] fortune cookies B - an [uncursed] lembas wafer Scrolls k - a [cursed] scroll labeled ETAOIN SHRDLU [of confuse monster] n - a [cursed] scroll labeled ANDOVA BEGARIN [of identify] v - a [cursed] scroll labeled KIRJE [of magic mapping] w - an [uncursed] scroll labeled ETAOIN SHRDLU [of confuse monster] z - an [uncursed] scroll labeled ANDOVA BEGARIN [of identify] Potions r - an [uncursed] clear potion [of water] t - an [uncursed] indigo potion [of hallucination] Tools j - an [uncursed] key [skeleton key] p - an [uncursed] leash u - an [uncursed] brass lantern Spells known in the end: Name Level Category Fail Memory Your skills at the end: Fighting Skills Weapon Skills dagger [Basic / Expert] long sword [Basic / Expert] Spellcasting Skills Final Attributes: You were devoutly aligned. Hunger level was 748. Your alignment was 19 / 19. Monster difficulty range was 0 - 4. Level difficulty was 3. You were immune to cold. You were stealthy. Your luck was zero. You survived. Vanquished creatures: an imp a pony 2 elf zombies 2 rothes a giant bat an acid blob a hobbit 2 giant rats 2 brown molds a yellow mold a green mold a gnome zombie 2 geckos 5 jackals 2 kobolds a goblin a sewer rat 3 grid bugs 4 lichens a kobold zombie 4 newts 39 creatures vanquished. Voluntary challenges: You were an atheist. You were illiterate. You used a wielded weapon 38 times. You put on armor 2 times. You never genocided any monsters. You never polymorphed an object. You never changed form. You used no wishes. You never wrote Elbereth's name. You never encountered a bones level. You never used any Sokoban shortcuts. Dungeon overview: The Dungeons of Doom: levels 1 to 4 Level 1 some fountains a long staircase Level 2 a general store, some fountains, a sink Level 3 <- You were here a long staircase History has recorded: On T:1 you entered the Dungeons of Doom to retrieve the Amulet of Yendor! On T:238 you advanced to experience level 2. On T:443 you reached level 2 of The Dungeons of Doom. On T:603 you advanced to experience level 3. On T:987 you advanced to experience level 4. On T:991 you reached level 3 of The Dungeons of Doom. On T:1381 you reached level 4 of The Dungeons of Doom. On T:1577 you advanced to experience level 5. Latest messages: You miss the gnome zombie. You destroy the gnome zombie! Your long sword rusts somewhat. Your long sword rusts some more. A freezing mist rises from the water and envelopes the sword. The fountain disappears! You kill the lichen! You kill the giant bat! You hear the footsteps of a guard on patrol. Your long sword gets wet. You feel a sudden chill. The fountain dries up! Never mind. Final status: Farvel Mimi the Valkyrie... You quit in The Dungeons of Doom on dungeon level 3 with 1370 points, and 436 pieces of gold, after 1861 moves. You were level 5 with a maximum of 53 hit points when you quit.